 Dungeon Crawl Stone Soup version 0.27-a0-421-g7ddf969dea (webtiles) character file.

Game seed: 12904867852332718106

439 Anon1729 the Chopper (level 7, 0/61 HPs)
             Began as a Hill Orc Fighter on Feb 26, 2021.
             Was a Follower of Zin.
             Slain by a hornet (10 damage)
             ... on level 4 of the Dungeon.
             The game lasted 00:04:30 (4854 turns).

Anon1729 the Chopper (Hill Orc Fighter)             Turns: 4854, Time: 00:04:31

Health: 0/61       AC:  7    Str: 21    XL:     7   Next: 1%
Magic:  7/7        EV:  7    Int:  8    God:    Zin [*.....]
Gold:   90         SH:  9    Dex: 10    Spells: 6/6 levels left

rFire    . . .     SeeInvis .   a - +0 war axe
rCold    . . .     Faith    .   c - +0 kite shield
rNeg     . . .     Spirit   .   b - +0 scale mail
rPois    .         Reflect  .   (no helmet)
rElec    .         Harm     .   (no cloak)
rCorr    .         Rampage  .   (no gloves)
Will     .....                  (no boots)
Stlth    ..........             (no amulet)
HPRegen  0.20/turn              (no ring)
MPRegen  0.10/turn              (no ring)

@: lethally poisoned (0 -> -3), slowed, very slow
A: no striking features
a: Renounce Religion, Recite, Donate Gold


You were on level 4 of the Dungeon.
You worshipped Zin.
Zin was aware of your devotion.
You visited 2 branches of the dungeon, and saw 5 of its levels.

You collected 99 gold pieces.
You donated 9 gold pieces to Zin.

Inventory:

Hand Weapons
 a - a +0 war axe (weapon)
Armour
 b - a +0 scale mail (worn)
 c - a +0 kite shield (worn)
Jewellery
 r - an amulet of the acrobat
Scrolls
 e - 4 scrolls of identify {unknown}
 g - a scroll of teleportation {unknown}
 j - a scroll of fog {unknown}
 k - a scroll of immolation {unknown}
 o - a scroll of amnesia {unknown}
 p - a scroll of magic mapping {unknown}
 q - a scroll of fear {unknown}
 s - a scroll of enchant weapon {unknown}
Potions
 d - 2 potions of might
 f - a potion of haste {unknown}
 h - a potion of magic
 i - a potion of mutation {unknown}
 l - 2 potions of curing {unknown}
 m - a potion of attraction {unknown}
 n - 2 potions of heal wounds {unknown}
 t - a potion of berserk rage {unknown}


   Skills:
 + Level 5.4 Fighting
 + Level 5.7 Axes
 + Level 4.9 Armour
 - Level 0.4 Dodging
 + Level 4.8 Shields
 * Level 0.2 Invocations


You had 6 spell levels left.
You didn't know any spells.
Your spell library was empty.

Dungeon Overview and Level Annotations

Branches:
Dungeon (4/15)             Temple (1/1) D:4

Altars:
Ashenzari
Cheibriados
Dithmenos
Elyvilon
Fedhas
Gozag
Hepliaklqana
Kikubaaqudgha
Makhleb
Nemelex Xobeh
Okawaru
Qazlal
Ru
Sif Muna
Trog
Uskayaw
Vehumet
Wu Jian
Xom
Yredelemnul
Zin
The Shining One

Annotations:
D:2 2 transporters


Message History

The hornet stings you but does no damage.
The centaur unwields a +0 shortbow.
The centaur hits you but does no damage.
The hornet completely misses you.
You closely miss the hornet. You hit the centaur.
The centaur hits you but does no damage.
The hornet stings you!
You are poisoned.
You feel yourself slow down. You block the centaur's attack.
You block the hornet's attack.
You are too injured to fight recklessly!
You are too injured to fight recklessly!
You are too injured to fight recklessly!
You are too injured to fight recklessly!
You are too injured to fight recklessly!
You are too injured to fight recklessly!
You are too injured to fight recklessly!
You are too injured to fight recklessly!
You are too injured to fight recklessly!
You are too injured to fight recklessly!
You are too injured to fight recklessly!
You are too injured to fight recklessly!
You are too injured to fight recklessly!
Unknown command.
You are too injured to fight recklessly!
Unknown command.
You miss the hornet. You barely miss the centaur.
You feel yourself speed up.
You feel sick.
The centaur hits you but does no damage.
The hornet barely misses you. The centaur hits you.
The hornet barely misses you. The centaur hits you. The hornet stings you!
* * * LOW HITPOINT WARNING * * *
You feel yourself slow down.
Unknown command.
It was a potion of magic.
Magic courses through your body.
You feel sick. The centaur hits you.
* * * LOW HITPOINT WARNING * * *
The hornet stings you!
You die...

##
####.#.#..#.#.##
# #.........#
###.#####.# ...#
#.# ###.# #.#
#.# #.#
###..####.#
..........#
#.....@.##
#....cy.#
#.........#
#....⌠!...#
#.........#
##._......#
#........#
###......#


You could see a hornet and a centaur.

Vanquished Creatures
  An ogre (D:3)
  A scorpion (D:4)
  Jessica (D:2)
  A bullfrog skeleton (D:4)
  2 orc wizards (D:4)
  3 worker ants (D:4)
  4 adders
  A howler monkey skeleton (D:4)
  An ooze (D:1)
  2 worms (D:3)
  4 leopard geckos
  5 orcs (D:4)
  4 giant cockroaches
  7 goblins
  6 hobgoblins
  13 jackals
  4 quokkas
  A ball python (D:3)
  7 bats
  2 frilled lizards
  4 kobolds
  A leopard gecko skeleton (D:4)
  6 rats
81 creatures vanquished.

Notes
Turn   | Place    | Note
-------+----------+-------------------------------------------
     0 | D:1      | Anon1729 the Hill Orc Fighter began the quest for the Orb.
     0 | D:1      | Reached XP level 1. HP: 19/19 MP: 1/1
   104 | D:1      | Reached XP level 2. HP: 25/27 MP: 2/2
  1037 | D:1      | Reached XP level 3. HP: 29/33 MP: 3/3
  1271 | D:2      | Noticed Jessica
  1274 | D:2      | Killed Jessica
  1502 | D:2      | Found a transporter.
  1503 | D:2      | Noticed a bullfrog
  1504 | D:2      | Noticed a scorpion
  1534 | D:2      | Found a hide-covered altar of Uskayaw.
  1534 | D:2      | Found an ancient bone altar of Kikubaaqudgha.
  1656 | D:2      | Found a sacrificial altar of Ru.
  1657 | D:2      | Found a transporter.
  1658 | D:2      | Found a blossoming altar of Fedhas.
  1788 | D:2      | Reached XP level 4. HP: 40/40 MP: 4/4
  3516 | D:3      | Reached XP level 5. HP: 44/47 MP: 5/5
  3659 | D:4      | Noticed an ogre
  3683 | D:3      | Killed an ogre
  3684 | D:3      | Reached skill level 5 in Axes
  3684 | D:3      | Reached XP level 6. HP: 18/55 MP: 6/6
  3906 | D:4      | Reached skill level 5 in Fighting
  4034 | D:4      | Found a staircase to the Ecumenical Temple.
  4050 | Temple   | Entered the Ecumenical Temple
  4302 | Temple   | Became a worshipper of Zin the Law-Giver
  4368 | D:4      | Reached * piety under Zin
  4765 | D:4      | Reached XP level 7. HP: 54/61 MP: 7/7
  4844 | D:4      | Found a stormy altar of Qazlal.
  4846 | D:4      | Found a bloodstained altar of Trog.
  4847 | D:4      | Noticed a hornet
  4854 | D:4      | Slain by a hornet

Illustrated notes

Levels and vault maps discovered:
D:1:      psy_arrival_basics, layout_basic
D:2:      layout_loops_ring, gammafunk_temple_overflow_elements,
          gammafunk_temple_overflow_arena, serial_co_window_serial,
          co_window_paths_a, co_window_of_opportunity_a, co_window_paths_a,
          co_window_cross_1, co_window_corner_a, co_window_cross_2,
          co_window_corner_b, co_window_corner_b, co_window_corner_b,
          co_window_4corner_b, glass_columns_b, glass_columns_a,
          glass_columns_a, glass_columns_a, uniq_jessica
D:3:      layout_loops_corners
D:4:      kennysheep_kobold_camp, layout_loops_ring, grunt_temple_overflow_open,
          minmay_temple_entry_wispy
Temple:   compressed_dpeg_circular_temple

Skill      XL: |  1  2  3  4  5  6 |
---------------+-------------------+-----
Axes           | 3 4 5 |  5.7
Fighting       | 4 5 |  5.4
Armour         | 4 |  4.9
Shields        | 4 |  4.8
Dodging        | |  0.4
Invocations    | |  0.2

Action                   |  1- 3 |  4- 6 |  7- 9 || total
-------------------------+-------+-------+-------++-------
Melee: War axe           |    84 |   180 |    16 ||   280
  Use: Potion            |       |       |     1 ||     1
Armor: Scale mail        |    46 |   102 |    12 ||   160
Dodge: Dodged            |    38 |    49 |    19 ||   106
Block: Kite shield       |    49 |    97 |    23 ||   169

Table legend: (Time is in decaauts)
 A = Elapsed time spent in this place.
 B = Non-inter-level travel time spent in this place.
 C = Inter-level travel time spent in this place.
 D = Time resting spent in this place.
 E = Time spent auto-exploring this place.
 F = Levels seen in this place.
 G = Mean time per level.
                   A        B        C        D        E       F      G
               +--------+--------+--------+--------+--------+-----+--------+
         Total |   4996 |   4807 |    189 |    407 |   3663 |   5 |  999.2 |
       Dungeon |   4726 |   4580 |    146 |    407 |   3509 |   4 | 1181.5 |
        Temple |    269 |    226 |     43 |      0 |    154 |   1 |  269.0 |
               +--------+--------+--------+--------+--------+-----+--------+

Top non-repeatable levels by time:
     D:3: 1507 daAuts
     D:1: 1288 daAuts
     D:2: 1153 daAuts
     D:4: 777 daAuts
  Temple: 269 daAuts
